 Dungeon Crawl Stone Soup version 0.16-a0-1120-gd281f79 (webtiles) character file.

1418 RobertPalmer the Basher (level 8, -9/50 HPs)
             Began as an Octopode Gladiator on Oct 4, 2014.
             Killed by an exploding giant spore (27 damage)
             ... on level 6 of the Dungeon on Oct 6, 2014.
             The game lasted 00:19:53 (7373 turns).

RobertPalmer the Basher (Octopode Gladiator)        Turns: 7373, Time: 00:19:53

Health: -9/50      AC:  1    Str: 20    XL:     8   Next: 71%
Magic:  8/8        EV: 13    Int: 12    God:
Gold:   305        SH:  0    Dex: 12    Spells: 0 memorised, 7 levels left

rFire  + . .     SeeInvis .     a - +0 great mace
rCold  . . .     Clarity  .     (no shield)
rNeg   . . .     SustAb   .     c - +0 hat
rPois  .         Gourm    .     (no amulet)
rElec  .         Spirit   .     h - ring of protection from fire
rCorr  .         Warding  .     (no ring)
rMut   .         Stasis   .     (no ring)
MR     .....                    (no ring)
Stlth  ++........               (no ring)
                                (no ring)
                                (no ring)
                                (no ring)

@: confused, mighty, not resistant to hostile enchantments, unstealthy
A: almost no armour, amphibious, 8 rings, constrict 8, camouflage 1, gelatinous
body 1
a: no special abilities


You were on level 6 of the Dungeon.
You were not hungry.

You visited 1 branch of the dungeon, and saw 6 of its levels.
You also visited: Sewer.

You collected 305 gold pieces.


Innate Abilities, Weirdness & Mutations

You cannot wear most types of armour.
You are amphibious.
You can wear up to eight rings at the same time.
You can use your tentacles to constrict many enemies at once.
Your skin changes colour to match your surroundings (Stealth).
Your rubbery body absorbs attacks (AC +1).


   Skills:
 - Level 2.0 Fighting
 + Level 10.8 Maces & Flails
 - Level 2.0 Throwing
 - Level 3.0 Dodging


You had 7 spell levels left.
You didn't know any spells.

Inventory:

Hand weapons
 a - a +0 great mace (weapon)
 b - a +0 blowgun
Missiles
 d - a throwing net (quivered)
 p - 9 poisoned needles
Armour
 c - a +0 hat (worn)
Comestibles
 f - 6 bread rations
 i - 2 fruits
 j - 3 meat rations
 k - a royal jelly
 r - a beef jerky
 s - a slice of pizza
Scrolls
 e - 3 scrolls of remove curse
 g - a scroll of magic mapping
 w - a scroll of recharging
 x - 3 scrolls of identify
 z - a scroll of amnesia
Jewellery
 h - a ring of protection from fire (left tentacle)
Potions
 l - a potion of brilliance
 n - a potion of poison {unknown}
 o - a potion of confusion {unknown}
 u - a potion of flight {unknown}
 v - a potion of mutation {unknown}
Books
 q - a book of Geomancy

Dungeon Overview and Level Annotations

Branches:
Dungeon (6/15)
 Temple: D:4-7

Altars:
Ashenzari
Elyvilon
Makhleb
Okawaru
Vehumet
Yredelemnul

Annotations:
D:3 RobertPalmer's ghost, average OpGl
D:4 wvc's ghost, average DsGl
D:6 Blork the orc

### .. #. .# #####.###
..# ........###..#
#............#
.'............#
#.##...o..@.....#
.....####'####..#
########... #(# ..# ###
## ..........######)##
..# #.g.# #.
................(.# #..#
.....##.
..................# #..#
Kr....#. # #..........#
#..#.ob...... #
#..........# #..# #.
########..####.######..#
#.


You could see Blork the orc (sleeping).


Message History

The quokka barely misses you.
You closely miss the quokka. You grab the quokka. You constrict the quokka.
The quokka misses you.
You bludgeon the quokka!!
You kill the quokka!
You hear a distant slurping noise.
You bludgeon the orc!!
You kill the orc!
You hear a distant slurping noise.
You closely miss the goblin. You grab the goblin. You squeeze the goblin.
You kill the goblin!
The orc sings a few bars from the Orcish anthem.
You barely miss the orc wizard.
The orc wizard mumbles some strange words.
The orc wizard seems to speed up.
You sock the orc wizard!
You kill the orc wizard!
The orc throws a stone.
The stone barely misses you.
You hear a distant slurping noise.
You bludgeon the orc!!
You kill the orc!
You open the door.
A giant spore and Blork the orc come into view.
The giant spore waves its rhizomes.
There is an open door here.
The giant spore explodes!
The explosion of spores engulfs you!
You are confused.
Ouch! That really hurt!
You die...

Action                   |  1- 3 |  4- 6 |  7- 9 || total
-------------------------+-------+-------+-------++-------
Melee: Flail             |    71 |   158 |    22 ||   251
       Great mace        |       |       |    69 ||    69
 Fire: Blowgun           |       |       |    67 ||    67
Throw: Throwing net      |       |     4 |     1 ||     5
  Use: Scroll            |     8 |     2 |     6 ||    16
       Potion            |       |       |     5 ||     5
 Stab: Sleeping          |       |    10 |     4 ||    14
       Held in net/web   |       |     1 |       ||     1
       Distracted        |       |       |     1 ||     1
  Eat: Chunk             |     2 |     8 |     7 ||    17
       Beef jerky        |       |     1 |       ||     1
       Pizza             |       |       |     1 ||     1

Vault maps used:
D:1:      evilmike_arrival_crescent, minmay_surrounded
D:2:      okawaru_metal_pillars_1_2
D:3:      makhleb_altar_promises_db, portal_sewer_entry_b, serial_glass,
          glass_columns_c, glass_columns_b, glass_columns_a,
          due_unseen_surprise, feat_on_display
D:4:      lemuel_round_altar, yredelemnul_altar_generic
D:5:      lemuel_insect_pit, old_standard_altar, kennysheep_mini_moat,
          first_bread
D:6:      minmay_opposing_rooms, uniq_menkaure, uniq_blork_the_orc,
          uniq_prince_ribbit1
Sewer:    sewer_frog_island_02

Notes
Turn   | Place    | Note
--------------------------------------------------------------
     0 | D:1      | RobertPalmer, the Octopode Gladiator, began the quest for the Orb.
     0 | D:1      | Reached XP level 1. HP: 14/14 MP: 1/1
   321 | D:1      | Reached XP level 2. HP: 16/19 MP: 2/2
   691 | D:2      | Reached skill level 4 in Maces & Flails
   886 | D:2      | Reached XP level 3. HP: 17/24 MP: 3/3
  1139 | D:2      | Found an iron altar of Okawaru.
  1593 | D:3      | Reached XP level 4. HP: 29/29 MP: 4/4
  1608 | D:3      | Noticed RobertPalmer's ghost (average OpGl)
  1642 | D:2      | Reached skill level 5 in Maces & Flails
  1703 | D:3      | Found a glowing drain.
  1729 | Sewer    | Entered a sewer
  1773 | Sewer    | Reached XP level 5. HP: 28/34 MP: 5/5
  2027 | Sewer    | Reached skill level 6 in Maces & Flails
  2802 | Sewer    | Reached XP level 6. HP: 22/39 MP: 6/6
  3251 | Sewer    | Noticed a giant frog
  3275 | Sewer    | Killed a giant frog
  3275 | Sewer    | Reached skill level 7 in Maces & Flails
  3690 | D:3      | Found a burning altar of Makhleb.
  3690 | D:3      | Noticed a green death
  3693 | D:3      | Noticed an orange demon
  3693 | D:3      | Noticed an orange demon
  4302 | D:4      | Noticed wvc's ghost (average DsGl)
  4462 | D:4      | Reached XP level 7. HP: 43/45 MP: 7/7
  4569 | D:4      | Upgraded the game from 0.16-a0-1029-gdfc7942 to 0.16-a0-1109-gda7d4ef
  4670 | D:4      | Reached skill level 8 in Maces & Flails
  4735 | D:4      | Found a shattered altar of Ashenzari.
  4773 | D:5      | Entered Level 5 of the Dungeon
  5126 | D:5      | Found a white marble altar of Elyvilon.
  5475 | D:5      | Found a radiant altar of Vehumet.
  5525 | D:5      | Upgraded the game from 0.16-a0-1109-gda7d4ef to 0.16-a0-1120-gd281f79
  5569 | D:5      | Reached skill level 9 in Maces & Flails
  5774 | D:4      | Found a basalt altar of Yredelemnul.
  6188 | D:4      | Reached XP level 8. HP: 50/50 MP: 8/8
  6719 | D:6      | Reached skill level 10 in Maces & Flails
  7372 | D:6      | Noticed Blork the orc
  7373 | D:6      | Killed by an exploding giant spore

Vanquished Creatures
  2 orc warriors (D:6)
  A centaur (D:6)
  An ogre (D:6)
  3 giant frogs
  3 killer bees (D:5)
  A goliath beetle (D:6)
  A hound (D:4)
  5 orc wizards
  4 worker ants
  A hound zombie (D:5)
  7 gnolls
  A scorpion zombie (D:5)
  10 adders
  A green rat (D:3)
  11 giant mites (Sewer)
  A worm (D:2)
  8 giant geckos (Sewer)
  12 oozes
  6 orcs
  13 ball pythons
  15 bats
  13 giant cockroaches
  16 goblins
  6 hobgoblins
  14 kobolds
  2 quokkas (D:6)
  13 giant newts
  A goblin skeleton (D:4)
  A kobold zombie (D:5)
  An orc zombie (D:6)
  5 rats
179 creatures vanquished.
